 Dungeon Crawl Stone Soup version 0.30-a0-341-g682706514a (webtiles) character file.

Game seed: 16264713310127699705

679 Lobster4 the Trooper (level 7, -2/76 HPs)
             Began as an Ogre Gladiator on Nov 3, 2022.
             Was a Follower of Okawaru.
             Slain by a gnoll bouda
             ... wielding a +0 whip
              (7 damage)
             ... on level 5 of the Dungeon.
             The game lasted 00:17:35 (4176 turns).

Lobster4 the Trooper (Ogre Gladiator)               Turns: 4176, Time: 00:17:36

Health: -2/76      AC:  5    Str: 21    XL:     7   Next: 60%
Magic:  8/8        EV: 10    Int:  9    God:    Okawaru [*.....]
Gold:   352        SH:  0    Dex: 10    Spells: 6/6 levels left

rFire   . . .      SeeInvis .    a - +0 war axe
rCold   . . .      Faith    .    x - orb {*Rage}
rNeg    . . .      Spirit   .    D - +0 animal skin
rPois   .          Reflect  .    c - +0 hat
rElec   .          Harm     .    i - +1 cloak
rCorr   .          Rampage  .    (gloves unavailable)
Will    .....      Rage     20%  (boots unavailable)
Stlth   +.........               (no amulet)
HPRegen 0.32/turn                (no ring)
MPRegen 0.11/turn                (no ring)

@: on berserk cooldown, slowed, invisible, very slow
A: large, unfitting armour, tough skin 1
a: Renounce Religion, Heroism


You were on level 5 of the Dungeon.
You worshipped Okawaru.
Okawaru was aware of your devotion.
You visited 1 branch of the dungeon, and saw 5 of its levels.

You collected 352 gold pieces.

Inventory:

Hand Weapons
 a - a +0 war axe (weapon)
 b - the +6 falchion "Dabyskirph" {flame, rElec rF- Str+9 Dex+2}
   (You found it on level 5 of the Dungeon)

   It burns those it strikes, dealing additional fire damage.
   Big, fiery blades are also staple armaments of hydra-hunters.
   Str:       It affects your strength (+9).
   Dex:       It affects your dexterity (+2).
   rF:        It makes you vulnerable to fire.
   rElec:     It insulates you from electricity.
 j - a +0 antimagic hand axe
 A - a +2 whip of electrocution
Missiles
 d - 5 throwing nets
 e - a large rock
 h - 4 poisoned darts
 l - 76 stones
 w - 12 boomerangs (quivered)
Armour
 c - a +0 hat (worn)
 i - a +1 cloak (worn)
 x - an orb of wrath (worn)
 D - a +0 animal skin (worn)
Magical Staves
 g - a staff of cold
Jewellery
 B - a ring of protection from fire
 C - a ring of fire
Scrolls
 k - a scroll of amnesia {unknown}
 m - a scroll of torment {unknown}
 o - a scroll of vulnerability {unknown}
 q - a scroll of silence {unknown}
 t - a scroll of teleportation
 u - 2 scrolls of blinking {unknown}
 y - a scroll of magic mapping {unknown}
Potions
 f - 6 potions of curing {unknown}
 n - a potion of cancellation
 p - 3 potions of might {unknown}
 r - a potion of invisibility
 s - 3 potions of haste {unknown}
 v - 2 potions of lignification {unknown}
 z - a potion of heal wounds
 E - a potion of attraction {unknown}


   Skills:
 * Level 6.5 Fighting
 + Level 1.2 Long Blades
 + Level 4.4 Axes
 - Level 1.0 Staves
 + Level 3.7 Throwing
 + Level 4.1 Dodging
 + Level 2.1 Invocations


You had 6 spell levels left.
You didn't know any spells.
Your spell library contained the following spells:

 Spells                   Type           Power      Damage    Failure   Level
 Sandblast                Erth           0%         2d4       38%         1
 Passwall                 Tmut/Erth      0%         N/A       52%         2
 Stone Arrow              Conj/Erth      0%         3d7       77%         3


Dungeon Overview and Level Annotations

Branches:
Dungeon (5/15)             Temple (0/1) D:4

Altars:
Gozag
Kikubaaqudgha
Okawaru
Ru
Trog
Yredelemnul
Zin

Shops:
D:2 ((*   D:3 *?

Annotations:
D:3 3 runed translucent doors, kd29's ghost, weakling DrTm


Innate Abilities, Weirdness & Mutations

You are too large for most types of armour.
You have tough skin. (AC +1)


Message History

You feel yourself slow down.
The gnoll bouda hits you with a +0 whip!
The gnoll barely misses you.
You slash the gnoll!
The gnoll is heavily wounded.
You hit the gnoll bouda but do no damage.
The gnoll bouda gazes fiercely through you!
You feel your attacks grow feeble.
The gnoll bouda hits you with a +0 whip!
The gnoll hits you with a +0 flail! The gnoll bouda misses you.
You hit the gnoll.
The gnoll is severely wounded.
You closely miss the gnoll bouda. The gnoll closely misses you.
The gnoll bouda hits you with a +0 whip!
The gnoll barely misses you.
The gnoll bouda hits you but does no damage.
You hit the gnoll bouda.
The gnoll bouda is moderately wounded.
You closely miss the gnoll. The gnoll hits you with a +0 flail.
The gnoll bouda hits you with a +0 whip!
The gnoll hits you with a +0 flail.
* * * LOW HITPOINT WARNING * * *
The gnoll bouda calls upon its god to heal the gnoll.
The gnoll is healed somewhat.
You barely miss the gnoll bouda.
The gnoll bouda is moderately wounded.
You hit the gnoll.
Your attacks no longer feel as feeble.
The gnoll hits you with a +0 flail!
* * * LOW HITPOINT WARNING * * *
The gnoll bouda hits you with a +0 whip.
* * * LOW HITPOINT WARNING * * *
The gnoll hits you with a +0 flail.
* * * LOW HITPOINT WARNING * * *
The gnoll bouda calls upon its god to heal the gnoll.
The gnoll is healed somewhat.
You fade into invisibility!
The gnoll closely misses you.
The gnoll bouda hits you with a +0 whip!
You die...

....##.# ....##.# #.........#
....##.# #.........# ....##.#
#.........### ....##.#
#...........
....##.#####........>#
....##....##.........+
....##....##.)..gg...#
....##....##....@....+
....##.........).....#
.#.###....##.........#
.'..##....###)######....
.#..##......#.### #############
.#..##....#.#...# #..#.........
.#..##....#.#...# #..#.########
.#..##....#.#...#####...[......#
>.........#.#..........#.#####.#


You could see a gnoll bouda (unable to see you) and a gnoll (swift, unable to
see you).

Vanquished Creatures
  A centaur (D:5)
  A necrophage (D:4)
  A gnoll sergeant (D:5)
  A howler monkey (D:4)
  An orc priest (D:4)
  A gnoll bouda (D:4)
  A hound (D:4)
  An iguana (D:4)
  16 gnolls
  5 adders
  An ufetubus (D:5)
  4 worms
  3 dart slugs
  10 orcs
  7 endoplasms
  3 giant cockroaches (D:1)
  9 goblins
  10 hobgoblins
  3 jackals (D:1)
  10 kobolds
  2 quokkas
  10 ball pythons
  5 bats
  3 frilled lizards
  4 rats
  A spectral orc (D:4)
114 creatures vanquished.

Notes
Turn   | Place    | Note
-------+----------+-------------------------------------------
     0 | D:1      | Lobster4 the Ogre Gladiator began the quest for the Orb.
     0 | D:1      | Reached XP level 1. HP: 22/22 MP: 1/1
    39 | D:1      | Reached skill level 3 in Fighting
    39 | D:1      | Reached XP level 2. HP: 19/31 MP: 2/2
   320 | D:1      | Reached XP level 3. HP: 30/37 MP: 3/3
   483 | D:1      | You fall into a shaft and drop 1 floor!
   832 | D:2      | Found Yjusuche's Assorted Antiques.
   853 | D:2      | Found a faded altar of an unknown god.
   940 | D:2      | Found Ceteseem's Antique Weapon Shop.
  1012 | D:2      | Reached skill level 1 in Staves
  1012 | D:2      | Reached XP level 4. HP: 29/48 MP: 4/4
  1257 | D:2      | Found Wyddiell's Antique Weapon Emporium.
  1497 | D:3      | Found a runed translucent gate.
  1498 | D:3      | Found a runed translucent gate.
  1500 | D:3      | Found a runed translucent gate.
  1505 | D:3      | Noticed kd29's ghost (weakling DrTm)
  1522 | D:3      | Reached skill level 4 in Fighting
  1625 | D:3      | Found Buatun's Assorted Antiques.
  1732 | D:3      | Found Pemischu's Magic Scroll Shop.
  2053 | D:4      | Reached XP level 5. HP: 50/55 MP: 5/5
  2276 | D:4      | Found a sacrificial altar of Ru.
  2319 | D:4      | Found an iron altar of Okawaru.
  2321 | D:4      | Found an ancient bone altar of Kikubaaqudgha.
  2329 | D:4      | Found an opulent altar of Gozag.
  2337 | D:4      | Became a worshipper of Warmaster Okawaru
  2348 | D:4      | Reached skill level 5 in Fighting
  2371 | D:4      | Reached XP level 6. HP: 26/66 MP: 6/6
  2606 | D:4      | Reached skill level 1 in Invocations
  2634 | D:4      | Found a staircase to the Ecumenical Temple.
  2685 | D:4      | Found a bloodstained altar of Trog.
  2822 | D:4      | Found a basalt altar of Yredelemnul.
  3020 | D:5      | Entered Level 5 of the Dungeon
  3192 | D:5      | Identified the +6 falchion "Dabyskirph" {flame, rElec rF-
                  | Str+9 Dex+2}
  3292 | D:5      | Found a glowing silver altar of Zin.
  3367 | D:5      | Reached * piety under Okawaru
  3610 | D:4      | Reached skill level 6 in Fighting
  3610 | D:4      | Reached XP level 7. HP: 61/75 MP: 8/8
  3957 | D:4      | Reached skill level 1 in Long Blades
  4176 | D:5      | Slain by a gnoll bouda

Illustrated notes

Levels and vault maps discovered:
D:1:      mrwooster_arrival_statue, layout_rooms, chequers_serial_rivers_micro_c
D:2:      layout_basic, chequers_ecumenical_altar_simple_redux, serial_shops,
          shop, nicolae_shop_behind_doors, shop_coins, minmay_ruptured
D:3:      layout_basic, gammafunk_ghost_split, serial_shops, nicolae_shop_stone,
          shop, reono_crystal_passage
D:4:      layout_basic, kennysheep_mini, gammafunk_temple_overflow_forgotten,
          trog_hazing_becter, yredelemnul_forgotten_temple_becter,
          minmay_temple_entry_glassed_door
D:5:      layout_basic, zin_scriptorium, grunt_decor_mini_mirrors,
          supply_closet_lemuel, minmay_splitting_lines

Skill      XL: |  1  2  3  4  5  6  7 |
---------------+----------------------+-----
Fighting       | 3 4 5 6 |  6.5
Dodging        | 3 4 |  4.1
Staves         | 1 |  1.0
Throwing       | 3 |  3.7
Axes           | 4 |  4.4
Invocations    | 1 2 |  2.1
Long Blades    | 1 |  1.2

Action                   |  1- 3 |  4- 6 |  7- 9 || total
-------------------------+-------+-------+-------++-------
Melee: War axe           |   108 |   146 |    42 ||   296
       Punch             |       |     1 |       ||     1
Throw: Throwing net      |     1 |       |       ||     1
       Boomerang         |       |    44 |    21 ||    65
  Use: Scroll            |       |     5 |       ||     5
       Potion            |       |       |     1 ||     1
 Stab: Sleeping          |     1 |     3 |       ||     4
Armor: Robe              |    39 |    53 |       ||    92
       Animal skin       |       |    15 |     8 ||    23
Dodge: Dodged            |    62 |   115 |    38 ||   215

Table legend: (Time is in decaauts)
 A = Elapsed time spent in this place.
 B = Non-inter-level travel time spent in this place.
 C = Inter-level travel time spent in this place.
 D = Time resting spent in this place.
 E = Time spent auto-exploring this place.
 F = Levels seen in this place.
 G = Mean time per level.
                   A        B        C        D        E       F      G
               +--------+--------+--------+--------+--------+-----+--------+
         Total |   4348 |   4069 |    279 |    751 |   2296 |   5 |  869.6 |
       Dungeon |   4348 |   4069 |    279 |    751 |   2296 |   5 |  869.6 |
               +--------+--------+--------+--------+--------+-----+--------+

Top non-repeatable levels by time:
     D:4: 1667 daAuts
     D:2: 725 daAuts
     D:1: 705 daAuts
     D:3: 654 daAuts
     D:5: 595 daAuts
